 Dungeon Crawl Stone Soup version 0.17-a0-1409-ge6d9485 (webtiles) character file.

19 RobertPalmer the Poker (level 2, 0/26 HPs)
             Began as a Draconian Chaos Knight on June 22, 2015.
             Slain by an adder (5 damage)
             ... on level 2 of the Dungeon.
             The game lasted 00:00:58 (988 turns).

RobertPalmer the Poker (Draconian Chaos Knight)      Turns: 988, Time: 00:00:58

Health: 0/26       AC:  4    Str: 14    XL:     2   Next: 55%
Magic:  2/2        EV: 12    Int: 12    God:    Xom [..*...]
Gold:   45         SH:  0    Dex: 10    Spells: 0 memorised, 1 level left

rFire  . . .     SeeInvis .     a - +0 spear (chaos)
rCold  . . .     Clarity  .     (armour unavailable)
rNeg   . . .     SustAt   .     (no shield)
rPois  .         Gourm    .     (helmet restricted)
rElec  .         Spirit   .     (no cloak)
rCorr  .         Warding  .     (no gloves)
rMut   .         Stasis   .     (no boots)
MR     .....                    (no amulet)
Stlth  +.........               (no ring)
                                (no ring)

@: lethally poisoned (0 -> -3), not resistant to hostile enchantments, very
unstealthy
A: unfitting armour, cold-blooded, AC +4
a: Renounce Religion


You were on level 2 of the Dungeon.
You worshipped Xom.
You were a toy of Xom.
You were not hungry.

You visited 1 branch of the dungeon, and saw 2 of its levels.

You collected 45 gold pieces.

Inventory:

Hand weapons
 a - a +0 spear of chaos (weapon)
Scrolls
 e - 2 scrolls of enchant weapon {unknown}
 f - a scroll of identify {unknown}
 h - a scroll of noise {unknown}
 j - a scroll of enchant armour {unknown}
 k - a scroll of amnesia {unknown}
 l - a scroll of immolation {unknown}
Potions
 c - a potion of curing {unknown}
 d - a potion of might {unknown}
 g - a potion of cancellation {unknown}
 m - a potion of heal wounds {unknown}
 o - a potion of brilliance {unknown}
Comestibles
 b - a bread ration {@e1}
 i - a meat ration {@e2}


   Skills:
 - Level 3.2 Fighting
 + Level 3.9 Polearms
 - Level 2.1 Dodging


You had one spell level left.
You didn't know any spells.

Dungeon Overview and Level Annotations

Branches:
Dungeon (2/15)

Altars:


Innate Abilities, Weirdness & Mutations

Your plain brown scales are hard (AC +4).
Your body does not fit into most forms of armour.
You are cold-blooded and may be slowed by cold attacks.


Message History

A giant cockroach is nearby!
Attack whom?
Aim: a giant cockroach (clinging)
You reach to attack!
You hit the giant cockroach.
You kill the giant cockroach!
Xom's power almost touches on you for a moment.
You hear a whooshing sound.
You see here a giant cockroach corpse.
You butcher the giant cockroach corpse.
n - 2 chunks of flesh {@w0}
o - a coppery potion You now have 45 gold pieces (gained 10).
A goblin comes into view.
The goblin shouts!
A goblin is nearby!
A goblin is nearby!
Attack whom?
Aim: a goblin You reach to attack!
You closely miss the goblin. You hit the goblin.
You kill the goblin!
No target in view!
No target in view!
No target in view!
No target in view!
A goblin comes into view. It is wielding a club.
The goblin shouts!
A goblin is nearby!
A goblin is nearby!
A goblin is nearby!
You hit the goblin but do no damage.
Your tail-slap misses the goblin.
You hit the goblin but do no damage.
Your tail-slap misses the goblin.
The goblin hits you with a club.
You take 1 damage, and have 25/26 hp.
You barely miss the goblin. The goblin hits you but does no damage.
You closely miss the goblin. The goblin hits you with a club.
You take 3 damage, and have 22/26 hp.
You closely miss the goblin. You closely miss the goblin.
The goblin hits you with a club.
You take 2 damage, and have 20/26 hp.
You closely miss the goblin. The goblin hits you but does no damage.
You hit the goblin. You burn the goblin.
You kill the goblin!
No target in view!
No target in view!
No target in view!
You start resting.
Health restored: 26 Unknown command.
There is a stone staircase leading down here.
All of the chunks of flesh in your inventory have rotted away.
You see here a club.
Done exploring.
Done exploring.
Done exploring.
Done exploring.
Unknown command.
(D) Dungeon
Where to? (? - help)
There is a stone staircase leading down here.
You climb downwards.
A bat, an adder and a hobgoblin come into view.
The hobgoblin shouts!
The adder bites you but does no damage. x2
There is a stone staircase leading up here.
You barely miss the adder. The bat closely misses you.
The adder barely misses you. The bat misses you.
The hobgoblin barely misses you.
You hit the adder.
Your tail-slap misses the adder.
The bat closely misses you. The adder misses you.
You hit the adder. The bat barely misses you. The adder bites you.
You are poisoned.
The adder poisons you! The hobgoblin misses you. The adder bites you.
You take 4 damage, and have 22/26 hp.
You closely miss the adder.
You feel sick. The bat hits you.
The hobgoblin hits you but does no damage.
The adder misses you.
You take 2 damage, and have 20/26 hp.
You hit the adder.
Multicoloured lights dance around the adder!
The bat barely misses you. The hobgoblin hits you. The adder barely misses you.
You take 3 damage, and have 17/26 hp.
You closely miss the adder. The bat hits you. The hobgoblin misses you.
The adder barely misses you.
You take 1 damage, and have 16/26 hp.
You miss the adder. The bat closely misses you. The adder misses you.
The hobgoblin hits you.
You take 2 damage, and have 14/26 hp.
You completely miss the adder.
You feel sick. The bat closely misses you. The bat barely misses you.
The adder misses you. The hobgoblin completely misses you.
You take 1 damage, and have 13/26 hp.
You hit the adder but do no damage. The bat barely misses you.
The adder misses you. The hobgoblin hits you.
You take 3 damage, and have 10/26 hp.
You barely miss the adder. The bat closely misses you.
The adder closely misses you. The hobgoblin hits you.
* * * LOW HITPOINT WARNING * * *
The adder bites you.
You die...

#.##......#.#
#.#####..##.###.#
###.............#
#...##..#+##..#
♣♣##...##..†..#..#
..#....###....#..#######
.......# ....+.........
.......+ ....##%...#
♣.#....# ....##@...#
♣♣##...# ....##Sgb.+
##### ##+###....# #....#
#.#### #.# #.# #.#


You could see an adder, a hobgoblin and a bat.

Vanquished Creatures
  A giant gecko (D:1)
  A hobgoblin (D:1)
  5 kobolds
  3 bats
  A giant cockroach (D:1)
  A giant newt (D:1)
  2 goblins (D:1)
  2 jackals (D:1)
  4 rats
20 creatures vanquished.

Notes
Turn   | Place    | Note
--------------------------------------------------------------
     0 | D:1      | RobertPalmer the Draconian Chaos Knight began the quest for the Orb.
     0 | D:1      | Reached XP level 1. HP: 19/19 MP: 1/1
   213 | D:1      | Reached XP level 2. HP: 26/26 MP: 2/2
   286 | D:1      | You fall through a shaft!
   659 | D:1      | XOM: harmless Air miscast
   988 | D:2      | HP: 5/26 [hobgoblin (5)]
   988 | D:2      | Slain by an adder

Vault maps used:
D:1:      erik_arrival_cave_to_civilisation
D:2:      first_bread, uniq_crazy_yiuf_cottage

Action                   || total
-------------------------++-------
Melee: Spear             ||    67
 Stab: Sleeping          ||     1

Vault maps used:
D:1:      erik_arrival_cave_to_civilisation
D:2:      first_bread, uniq_crazy_yiuf_cottage

Table legend:
 A = Turns spent in this place as a percentage of turns spent in the entire game.
 B = Non-inter-level travel turns spent in this place as a percentage of non-inter-level travel turns spent in the entire game.
 C = Inter-level travel turns spent in this place as a percentage of turns spent in this place.
 D = Turns resting spent in this place as a percentage of non-inter-level travel turns spent in this place.
 E = Turns spent auto-exploring this place as a percentage of non-inter-level travel turns spent in this place.
 F = Non-inter-level travel turns spent in this place divided by the number of levels of this place that you've seen.
                   A       B       C       D       E      F
               +-------+-------+-------+-------+-------+----------------------
         Total | 100.0 | 100.0 |   0.4 |   0.8 |  12.9 | 120.0
       Dungeon | 100.0 | 100.0 |   0.4 |   0.8 |  12.9 | 120.0
               +-------+-------+-------+-------+-------+----------------------

Table legend:
 A = Kills in this place as a percentage of kills in entire the game.
 B = Kills by you in this place as a percentage of kills by you in the entire game.
 C = Kills by friends in this place as a percentage of kills by friends in the entire game.
 D = Other kills in this place as a percentage of other kills in the entire game.
 E = Experience gained in this place as a percentage of experience gained in the entire game.
 F = Experience gained in this place divided by the number of levels of this place that you have seen.
                   A       B       C       D       E      F
               +-------+-------+-------+-------+-------+----------------------
         Total | 100.0 | 100.0 |  -nan |  -nan | 100.0 |  14.0
       Dungeon | 100.0 | 100.0 |  -nan |  -nan | 100.0 |  14.0
               +-------+-------+-------+-------+-------+----------------------
